 Dungeon Crawl Stone Soup version 0.30-a0-723-gc1506a1cf0 (webtiles) character file.

Game seed: 2001493555426526243

952 teh the Ruffian (level 8, 0/60 HPs)
             Began as a Gnoll Wanderer on Jan 28, 2023.
             Slain by a black bear (1 damage)
             ... on level 5 of the Dungeon.
             The game lasted 00:07:50 (6390 turns).

teh the Ruffian (Gnoll Wanderer)                    Turns: 6390, Time: 00:07:51

Health: 0/60       AC:  6    Str: 14    XL:     8   Next: 13%
Magic:  12/12      EV: 13    Int: 11    God:
Gold:   200        SH:  4    Dex: 12    Spells: 13/13 levels left

rFire   . . .      SeeInvis .    h - +0 falchion (flame)
rCold   . . .      Faith    .    r - +0 buckler
rNeg    . . .      Spirit   .    f - +0 leather armour
rPois   .          Reflect  .    v - +0 helmet
rElec   .          Harm     .    (no cloak)
rCorr   .          Rampage  .    b - +1 pair of gloves
Will    +....                    (no boots)
Stlth   ++                       (no amulet)
HPRegen 0.30/turn                q - ring of willpower
MPRegen 0.13/turn                (no ring)

@: no status effects
A: fangs 1, strong nose, distributed training
a: no special abilities


You were on level 5 of the Dungeon.
You visited 1 branch of the dungeon, and saw 6 of its levels.

You collected 200 gold pieces.

Inventory:

Hand Weapons
 a - a +0 sling
 h - a +0 falchion of flaming (weapon)
 i - a +4 dagger
Missiles
 o - 8 javelins
Armour
 b - a +1 pair of gloves (worn)
 f - a +0 leather armour (worn)
 r - a +0 buckler (worn)
 v - a +0 helmet (worn)
Jewellery
 q - a ring of willpower (left hand)
Wands
 n - a wand of roots (11)
 s - a wand of charming (3)
Potions
 e - 3 potions of curing
 g - a potion of might
 j - a potion of mutation
 k - 2 potions of magic
 l - a potion of flight
 m - 3 potions of brilliance
 t - 3 potions of degeneration {unknown}


   Skills:
 + Level 4.1 Fighting
 + Level 3.1 Short Blades
 + Level 3.1 Long Blades
 + Level 3.1 Axes
 + Level 3.1 Maces & Flails
 + Level 3.1 Polearms
 + Level 3.1 Staves
 + Level 5.6 Ranged Weapons
 + Level 5.6 Throwing
 + Level 3.1 Armour
 + Level 5.6 Dodging
 + Level 3.1 Stealth
 + Level 3.1 Shields
 + Level 5.6 Unarmed Combat
 + Level 3.1 Spellcasting
 + Level 2.5 Conjurations
 + Level 2.5 Hexes
 + Level 2.5 Summonings
 + Level 2.5 Necromancy
 + Level 2.5 Translocations
 + Level 2.5 Transmutations
 + Level 2.5 Fire Magic
 + Level 2.5 Ice Magic
 + Level 2.5 Air Magic
 + Level 2.5 Earth Magic
 + Level 2.5 Poison Magic
 + Level 3.4 Invocations
 + Level 4.1 Evocations


You had 13 spell levels left.
You didn't know any spells.
Your spell library contained the following spells:

 Spells                   Type           Power      Damage    Failure   Level
 Apportation              Tloc           14%        N/A       16%         1
 Freeze                   Ice            28%        1d5       16%         1
 Necrotise                Necr           28%        1d5       16%         1
 Slow                     Hex            28%        N/A       16%         1
 Blink                    Tloc           14%        N/A       24%         2
 Confusing Touch          Hex            7%         N/A       43%         3
 Frozen Ramparts          Ice            14%        1d3       43%         3
 Hailstorm                Conj/Ice       7%         3d4       43%         3
 Vampiric Draining        Necr           7%         2d6       43%         3
 Manifold Assault         Tloc           7%         N/A       83%         4
 Agony                    Necr           7%         N/A       99%         5
 Alistair's Intoxication  Tmut/Pois      4%         N/A       99%         5
 Storm Form               Tmut/Air       3%         N/A       100%        7


Dungeon Overview and Level Annotations

Branches:
Dungeon (6/15)             Temple (0/1) D:6

Altars:
Ashenzari
Dithmenos
Fedhas
Kikubaaqudgha
Qazlal
Trog
Uskayaw

Shops:
D:5 !

Portals:
Abyss: D:4

Annotations:
D:3 3 runed translucent doors, bigduke15's ghost, amateur FoFi
D:4 2 transporters, kbot's ghost, amateur MiBe
D:6 exclusion: oklob sapling, Dowan; Duvessa


Innate Abilities, Weirdness & Mutations

You have very sharp teeth.
Your uncanny sense of smell can sniff out nearby items.
Your experience applies equally to all skills.


Message History

The black bear closely misses you.
You hit the black bear. You burn the black bear.
The black bear is heavily wounded.
The black bear bites you.
The black bear claws you but does no damage.
The black bear claws you.
You closely miss the black bear.
The black bear is heavily wounded.
The black bear bites you.
* * * LOW HITPOINT WARNING * * *
The black bear claws you but does no damage.
You block the black bear's attack.
You barely miss the black bear.
The black bear is heavily wounded.
The black bear barely misses you. x2
The black bear claws you but does no damage.
The black bear bites you.
* * * LOW HITPOINT WARNING * * *
The black bear claws you but does no damage. x2
You hit the black bear. You burn the black bear.
The black bear is severely wounded.
The black bear barely misses you.
The black bear claws you but does no damage.
You block the black bear's attack.
You hit the black bear. You burn the black bear.
The black bear is almost dead.
The black bear closely misses you. The black bear claws you.
* * * LOW HITPOINT WARNING * * *
The black bear claws you but does no damage.
You hit the black bear but do no damage.
The black bear is almost dead.
The black bear goes berserk!
You barely miss the black bear.
The black bear is almost dead.
The black bear bites you!
* * * LOW HITPOINT WARNING * * *
The black bear misses you.
The black bear claws you but does no damage.
The black bear bites you.
You die...

####.......<.####.######.
#........................
#.##.#.............#####.
#.##.#.......####..# #.
#.##...............# #.
#.##.#.......####.## ##
#.##.##......# #.# ####
#.##.....h..## #.####...
#.#####.@#### #..##.... #.#
#..# #<##....) #.# #..#
###...... #.# #..##
##....... ####.# #...#####
#........
#.<..#####.#.#...###......##
#.####.....#.......#......#
#.# #.............+......#
#.# #######.......+......#


You could see a black bear (berserk).

Vanquished Creatures
  2 black bears
  An ogre (D:4)
  4 phantoms
  A howler monkey (D:4)
  2 jellies (D:5)
  3 iguanas
  2 orc wizards (D:4)
  Robin (D:4)
  6 adders
  4 worms
  4 dart slugs
  6 orcs
  5 ball pythons
  5 endoplasms
  2 giant cockroaches
  14 goblins
  10 hobgoblins
  4 quokkas
  3 bats
  5 frilled lizards
  5 kobolds
  4 rats
93 creatures vanquished.

Vanquished Creatures (others)
  A centaur (D:5)
  A plant (D:6)
2 creatures vanquished.

Grand Total: 95 creatures vanquished

Notes
Turn   | Place    | Note
-------+----------+-------------------------------------------
     0 | D:1      | teh the Gnoll Wanderer began the quest for the Orb.
     0 | D:1      | teh set off with the following items: a +0 sling, a scroll
                  | of fear, a potion of berserk rage, a +0 helmet, a potion of
                  | curing, a +0 leather armour.
     0 | D:1      | Reached XP level 1. HP: 17/17 MP: 1/1
    96 | D:1      | Reached XP level 2. HP: 23/23 MP: 2/2
   949 | D:2      | Reached XP level 3. HP: 28/28 MP: 2/4
   951 | D:2      | Reached skill level 1 in Invocations
  1140 | D:2      | Reached skill level 1 in Short Blades
  1140 | D:2      | Reached skill level 1 in Long Blades
  1140 | D:2      | Reached skill level 1 in Axes
  1140 | D:2      | Reached skill level 1 in Maces & Flails
  1140 | D:2      | Reached skill level 1 in Polearms
  1140 | D:2      | Reached skill level 1 in Staves
  1140 | D:2      | Reached skill level 1 in Armour
  1140 | D:2      | Reached skill level 1 in Stealth
  1140 | D:2      | Reached skill level 1 in Shields
  1140 | D:2      | Reached skill level 1 in Spellcasting
  1170 | D:2      | Reached XP level 4. HP: 26/34 MP: 5/5
  1420 | D:2      | Found a faded altar of an unknown god.
  1443 | D:2      | HP: 1/34 [worm (6)]
  1954 | D:3      | Found a stormy altar of Qazlal.
  2080 | D:3      | Reached skill level 1 in Conjurations
  2080 | D:3      | Reached skill level 1 in Hexes
  2080 | D:3      | Reached skill level 1 in Summonings
  2080 | D:3      | Reached skill level 1 in Necromancy
  2080 | D:3      | Reached skill level 1 in Translocations
  2080 | D:3      | Reached skill level 1 in Transmutations
  2080 | D:3      | Reached skill level 1 in Fire Magic
  2080 | D:3      | Reached skill level 1 in Ice Magic
  2080 | D:3      | Reached skill level 1 in Air Magic
  2080 | D:3      | Reached skill level 1 in Earth Magic
  2080 | D:3      | Reached skill level 1 in Poison Magic
  2159 | D:3      | Found a hide-covered altar of Uskayaw.
  2229 | D:3      | Found a runed translucent gate.
  2229 | D:3      | Found a runed translucent gate.
  2231 | D:3      | Found a runed translucent gate.
  2232 | D:3      | Noticed a kobold brigand
  2232 | D:3      | Noticed bigduke15's ghost (amateur FoFi)
  2365 | D:3      | Found an ancient bone altar of Kikubaaqudgha.
  2759 | D:4      | Noticed Robin
  2790 | D:4      | Reached XP level 5. HP: 30/40 MP: 5/7
  2811 | D:4      | Killed Robin
  3015 | D:4      | Noticed a phantom
  3155 | D:4      | Noticed a kobold brigand
  3155 | D:4      | Noticed a small abomination
  3160 | D:4      | Noticed a small abomination
  3162 | D:4      | Found a transporter.
  3165 | D:4      | Found a transporter.
  3167 | D:4      | Found a one-way gate to the infinite horrors of the Abyss.
  3167 | D:4      | Noticed kbot's ghost (amateur MiBe)
  3322 | D:4      | Killed a phantom
  3323 | D:4      | Reached XP level 6. HP: 35/47 MP: 8/8
  3554 | D:4      | Reached skill level 5 in Ranged Weapons
  3554 | D:4      | Reached skill level 5 in Throwing
  3554 | D:4      | Reached skill level 5 in Dodging
  3554 | D:4      | Reached skill level 5 in Unarmed Combat
  4005 | D:5      | Entered Level 5 of the Dungeon
  4092 | D:5      | Reached XP level 7. HP: 46/52 MP: 10/10
  4102 | D:5      | Found Suakudd's Distillery.
  4573 | D:4      | Found a transporter.
  4608 | D:4      | Found a transporter.
  4608 | D:4      | Found a one-way gate to the infinite horrors of the Abyss.
  6048 | D:5      | Reached XP level 8. HP: 35/60 MP: 12/12
  6204 | D:6      | Found a bloodstained altar of Trog.
  6205 | D:6      | Found a broken altar of Ashenzari.
  6205 | D:6      | Found a blossoming altar of Fedhas.
  6206 | D:6      | Found a shadowy altar of Dithmenos.
  6374 | D:6      | Noticed Duvessa
  6374 | D:6      | Noticed Dowan
  6374 | D:6      | Found a staircase to the Ecumenical Temple.
  6390 | D:5      | HP: 1/60 [black bear (10)]
  6390 | D:5      | Slain by a black bear

Illustrated notes

Levels and vault maps discovered:
D:1:      wander_arrival_peaceful_grave, layout_loops_ring,
          hangedman_decor_peaks_small
D:2:      layout_basic, shapermc_ecumenical_altar_mp_highgroup,
          minmay_box_of_dots
D:3:      layout_rooms, grunt_qazlal_sundering, kiku_gazebo_garden_becter,
          mainiacjoe_overflow_concentric_impassable,
          gammafunk_ghost_nasty_kobolds, minmay_increasing_density
D:4:      layout_loops_ring, gammafunk_ghost_abyssal_escape, st_stairs_8,
          uniq_robin
D:5:      layout_loops_ring, nicolae_stop_n_shop_2, kennysheep_pointless_box,
          kennysheep_big_empty_room
D:6:      layout_rooms, nicolae_tso_swordbearing_angel,
          chequers_temple_overflow_statue_of_worship, minmay_temple_entry_oklob,
          gammafunk_ghost_smash, uniq_crazy_yiuf_cottage, uniq_duvessa

Skill      XL: |  1  2  3  4  5  6  7 |
---------------+----------------------+-----
Invocations    | 1 2 3 |  3.4
Short Blades   | 1 2 3 |  3.1
Long Blades    | 1 2 3 |  3.1
Axes           | 1 2 3 |  3.1
Maces & Flails | 1 2 3 |  3.1
Polearms       | 1 2 3 |  3.1
Staves         | 1 2 3 |  3.1
Armour         | 1 2 3 |  3.1
Stealth        | 1 2 3 |  3.1
Shields        | 1 2 3 |  3.1
Spellcasting   | 1 2 3 |  3.1
Conjurations   | 1 2 |  2.5
Hexes          | 1 2 |  2.5
Summonings     | 1 2 |  2.5
Necromancy     | 1 2 |  2.5
Translocations | 1 2 |  2.5
Transmutations | 1 2 |  2.5
Fire Magic     | 1 2 |  2.5
Ice Magic      | 1 2 |  2.5
Air Magic      | 1 2 |  2.5
Earth Magic    | 1 2 |  2.5
Poison Magic   | 1 2 |  2.5
Fighting       | 3 4 |  4.1
Evocations     | 3 4 |  4.1
Ranged Weapons | 5 |  5.6
Throwing       | 5 |  5.6
Dodging        | 5 |  5.6
Unarmed Combat | 5 |  5.6

Action                     |  1- 3 |  4- 6 |  7- 9 || total
---------------------------+-------+-------+-------++-------
  Melee: Dagger            |    61 |   119 |       ||   180
         Bite              |     6 |    18 |    11 ||    35
         Punch             |       |     3 |       ||     3
         Falchion          |       |    86 |   127 ||   213
   Fire: Sling             |    41 |     7 |       ||    48
  Evoke: Wand              |       |       |     4 ||     4
    Use: Scroll            |       |    11 |     3 ||    14
         Potion            |       |     3 |     2 ||     5
   Stab: Sleeping          |     1 |     1 |     1 ||     3
 Armour: Leather armour    |    13 |    52 |    66 ||   131
  Dodge: Dodged            |    43 |   109 |   119 ||   271
  Block: Buckler           |       |       |    19 ||    19

Table legend: (Time is in decaauts)
 A = Elapsed time spent in this place.
 B = Non-inter-level travel time spent in this place.
 C = Inter-level travel time spent in this place.
 D = Time resting spent in this place.
 E = Time spent auto-exploring this place.
 F = Levels seen in this place.
 G = Mean time per level.
                   A        B        C        D        E       F      G
               +--------+--------+--------+--------+--------+-----+--------+
         Total |   6453 |   6063 |    390 |    255 |   4729 |   6 | 1075.5 |
       Dungeon |   6453 |   6063 |    390 |    255 |   4729 |   6 | 1075.5 |
               +--------+--------+--------+--------+--------+-----+--------+

Top non-repeatable levels by time:
     D:4: 2057 daAuts
     D:5: 1393 daAuts
     D:2: 1177 daAuts
     D:3: 1024 daAuts
     D:1: 775 daAuts
     D:6: 24 daAuts
